 Dungeon Crawl Stone Soup version 0.28.0-47-ge53b351184 (webtiles) character file.

Game seed: 4705582776001633830

28 Revguard the Ruffian (level 3, -8/35 HPs)
             Began as an Ogre Transmuter on May 5, 2022.
             Was an Initiate of Ashenzari.
             Mangled by a gnoll
             ... wielding a +0 halberd
              (13 damage)
             ... on level 2 of the Dungeon.
             The game lasted 00:04:01 (1540 turns).

Revguard the Ruffian (Ogre Transmuter)              Turns: 1540, Time: 00:04:02

Health: -8/35      AC:  3    Str: 14    XL:     3   Next: 14%
Magic:  4/7        EV: 10    Int: 14    God:    Ashenzari [......]
Gold:   57         SH:  0    Dex: 11    Spells: 5/8 levels left

rFire   . . .      SeeInvis .     - Unarmed
rCold   + . .      Faith    .   (no shield)
rNeg    . . .      Spirit   .   a - +0 robe
rPois   .          Reflect  .   (helmet currently unavailable)
rElec   .          Harm     .   (no cloak)
rCorr   .          Rampage  .   (gloves unavailable)
Will    .....                   (boots unavailable)
Stlth   +.........              (no amulet)
HPRegen 0.11/turn               b - ring "Eternal Autotheism" {rC+, Self, Fort} (curse)
MPRegen 0.10/turn               (no ring)

@: appendages, wereblooded
A: horns 2, talons 2, large, unfitting armour, tough skin 1
a: End Transformation, Renounce Religion, Shatter the Chains


You were on level 2 of the Dungeon.
You worshipped Ashenzari.
Ashenzari was noncommittal.
You had temporarily grown beastly horns and talons.
You visited 1 branch of the dungeon, and saw 2 of its levels.

You collected 57 gold pieces.

Inventory:

Armour
 a - a +0 robe (worn)
Jewellery
 b - the cursed ring "Eternal Autotheism" (left hand) {rC+, Self, Fort}
   (You found it on level 1 of the Dungeon)

   [ring of protection from cold]

   rC:        It protects you from cold.
   It has a curse which improves the following skills: Introspection: Fighting
   and Spellcasting.
   Fortitude: Armour and Shields.
Scrolls
 d - a scroll of identify {unknown}
Potions
 c - a potion of mutation {unknown}
 e - a potion of heal wounds
 g - a potion of might


   Skills:
 + Level 1.8(2.1) Fighting
 + Level 0.4(0.6) Armour
 + Level 2.0 Dodging
 + Level 2.8 Unarmed Combat
 + Level 2.6(3.0) Spellcasting
 + Level 0.4 Conjurations
 + Level 2.0 Transmutations
 + Level 0.7 Ice Magic


You had 5 spell levels left.
You knew the following spells:

 Your Spells              Type           Power      Damage    Failure   Level
a - Beastly Appendage     Tmut           14%        N/A       10%         1
b - Wereblood             Tmut           7%         N/A       14%         2

Your spell library contained the following spells:

 Spells                   Type           Power      Damage    Failure   Level
 Spider Form              Tmut/Pois      4%         N/A       38%         3
 Ice Form                 Ice/Tmut       6%         N/A       75%         4


Dungeon Overview and Level Annotations

Branches:
Dungeon (2/15)

Altars:
Ashenzari


Innate Abilities, Weirdness & Mutations

You have temporarily grown beastly horns and talons.
You are too large for most types of armour.
You have tough skin. (AC +1)


Message History

Found a potion of heal wounds.
Okay, then.
d - a scroll labelled IGIADU YRAO
e - a potion of heal wounds A ball python comes into view.
Casting: Beastly Appendage (safe; 10% risk of failure)
Press: ? - help, Q - select action, (/) - cycle Dir - look around, f - activate You grow a pair of large bovine horns.
Your feet morph into talons.
The ball python hisses angrily.
You completely miss the ball python. The ball python closely misses you.
You hit the ball python.
You kill the ball python!
Your transformation is almost over.
Your horns disappear.
Your talons disappear.
You open the door.
There is an open door here.
There is an open door here.
Found a dagger.
A gnoll comes into view. It is wielding a +0 halberd.
The gnoll shouts!
You hear a shout! x2 2 gnolls come into view.
The gnoll shouts! x2
A gnoll comes into view. It is wielding a +0 spear.
Casting: Beastly Appendage (safe; 10% risk of failure)
Press: ? - help, Q - select action, (/) - cycle Dir - look around, f - activate You grow a pair of large bovine horns.
Your feet morph into talons.
Casting: Beastly Appendage (safe; 10% risk of failure)
Confirm with . or Enter, or press ? or * to list all spells.
Your blood is infused with primal strength.
The gnoll hits you from afar with a +0 halberd!
The gnoll hits you from afar with a +0 spear!
Found 12 gold pieces.
The gnoll hits you with a +0 halberd. The gnoll barely misses you.
The gnoll hits you with a +0 spear.
You hit the gnoll.
The gnoll is lightly wounded.
The gnoll hits you with a +0 halberd.
* * * LOW HITPOINT WARNING * * *
The gnoll barely misses you.
The gnoll hits you from afar with a +0 halberd!
You die...

#....)######.##
##...## #.#
##.## #.# #.#
##.## #.#
##.^.#####
#........#
##...###.#
##.## ##@#
#..ggg....#
+......g.....
###....##.#$#
#.#.#. #
#.###.# #. .#
#. ..


You could see 4 gnolls.

Vanquished Creatures
  A dart slug (D:2)
  4 ball pythons
  An endoplasm (D:2)
  A giant cockroach (D:1)
  3 goblins (D:1)
  4 hobgoblins
  4 kobolds
  2 bats
  2 rats (D:2)
22 creatures vanquished.

Vanquished Creatures (others)
  A withered plant (D:1)
1 creature vanquished.

Grand Total: 23 creatures vanquished

Notes
Turn   | Place    | Note
-------+----------+-------------------------------------------
     0 | D:1      | Revguard the Ogre Transmuter began the quest for the Orb.
     0 | D:1      | Reached XP level 1. HP: 19/19 MP: 3/3
   166 | D:1      | Reached XP level 2. HP: 27/27 MP: 3/5
   169 | D:1      | Learned a level 2 spell: Wereblood
   572 | D:1      | Found a faded altar of an unknown god.
   586 | D:1      | Prayed at the altar of an unknown god.
   586 | D:1      | Became a worshipper of Ashenzari the Shackled
  1368 | D:2      | Reached XP level 3. HP: 35/35 MP: 5/7
  1540 | D:2      | Mangled by a gnoll

Illustrated notes

Levels and vault maps discovered:
D:1:      psy_arrival_dodecagon, layout_loops_ring,
          ebering_ecumenical_altar_petrified
D:2:      layout_loops_corners, minmay_split_cup_large, uniq_sigmund,
          uniq_jessica

Skill      XL: |  1  2  3 |
---------------+----------+-----
Dodging        | 2 |  2.0
Transmutations | 2 |  2.0
Fighting       | |  1.8
Armour         | |  0.4
Unarmed Combat | |  2.8
Spellcasting   | |  2.6
Conjurations   | |  0.4
Ice Magic      | |  0.7

Action                   || total
-------------------------++-------
Melee: Unarmed           ||    65
       Headbutt          ||     5
       Kick              ||     6
       Punch             ||     3
 Cast: Beastly Appendage ||    15
       Wereblood         ||     1
Invok: Curse Item        ||     1
  Use: Potion            ||     6
       Scroll            ||     1
Armor: Robe              ||    18
Dodge: Dodged            ||    30
